 Dungeon Crawl Stone Soup version 0.23.2-1-ga50397a (webtiles) character file.

Game seed: 6155359433884822691

171283 Fang the Warrior (level 17, -6/97 HPs)
             Began as a Gargoyle Berserker on Apr 30, 2019.
             Was a High Priest of Trog.
             Killed from afar by a wretched star (21 damage)
             ... with an orb of energy
             ... on level 3 of the Abyss on May 1, 2019.
             The game lasted 00:49:16 (34039 turns).

Fang the Warrior (Gargoyle Berserker)              Turns: 34039, Time: 00:49:17

Health: -6/97      AC: 32    Str: 21 (22) XL:     17   Next: 71%
Magic:  0/15       EV: 16    Int: 14 (15) God:    Trog [*****.]
Gold:   2165       SH:  0    Dex:  6 (8)  Spells: 16/16 levels left

rFire    + . .     SeeInvis +   r - +0 battleaxe (flame)
rCold    . . .     Gourm    .   (shield currently unavailable)
rNeg     + + .     Faith    .   Q - +3 scale mail "Wupagira" {rN+ Int+3}
rPois    ∞         Spirit   +   S - +1 helmet {SInv}
rElec    +         Reflect  .   L - -1 cloak "Yjan" {Regen+ Int+2 Dex+3}
rCorr    .         Harm     .   M - +2 pair of gloves {archery}
MR       +....     Rnd*Rage +   (no boots)
Stlth    +.........             y - amulet of guardian spirit
HPRegen  0.00/turn              O - ring of protection from fire
MPRegen  0.14/turn              R - +3 ring of evasion

@: flying
A: big wings, camouflage 1, berserk 1, [clumsy 2], [deterioration 2], frail
1[+1], [low mp 1], negative energy resistance 1, electricity resistance,
inhibited regeneration, [weak 2], wild magic 1, unbreathing, petrification
resistance, rot immunity, AC +12
}: 1/15 runes: barnacled
a: Stop Flying, Berserk, Trog's Hand, Brothers in Arms, Renounce Religion


You were on level 3 of the Abyss.
You worshipped Trog.
Trog was extremely pleased with you.
You were not hungry.

You visited 6 branches of the dungeon, and saw 29 of its levels.
You visited the Abyss 1 time.

You collected 2818 gold pieces.
You spent 653 gold pieces at shops.

Inventory:

Hand Weapons
 a - a +4 war axe of freezing
 l - a +5 executioner's axe of chopping
 r - a +0 battleaxe of flaming (weapon)
 s - the +4 hand axe of Fagothoa {venom, rN++}
   (You found it on level 4 of the Dungeon)

   It poisons the flesh of those it strikes.
   It greatly protects you from negative energy.
 F - the +8 frozen axe "Frostbite" {freezing cloud, *Noise +Fly rC+}
   (You acquired it on level 3 of the Shoals)

   It has been specially enchanted to freeze those struck by it, causing extra
   injury to most foes and up to half again as much damage against particularly
   susceptible opponents.
   It can also slow down cold-blooded creatures.
   It protects you from cold.
   It lets you fly.
   It may make noises in combat.
 P - the +1 war axe "Qinusel" {venom, Int+4}
   (Trog gifted it to you on level 13 of the Dungeon)

   It poisons the flesh of those it strikes.
   It affects your intelligence (+4).
 W - a +0 antimagic executioner's axe
Armour
 b - a +3 plate armour
 H - the +1 leather armour of Fun {-Cast rElec rCorr Stlth-}
   (You found it on level 6 of the Lair of Beasts)

   It insulates you from electricity.
   It prevents spellcasting.
   It provides partial protection from all sources of acid and corrosion.
   It makes you less stealthy.
 K - the +0 helmet of Infinity {rF- MR++ Slay-5 Stlth+}
   (You bought it in a shop on level 13 of the Dungeon)

   It affects your accuracy and damage with ranged weapons and melee attacks
   (-5).
   It makes you vulnerable to fire.
   It affects your resistance to hostile enchantments.
   It makes you more stealthy.
 L - the -1 cloak "Yjan" (worn) {Regen+ Int+2 Dex+3}
   (You bought it in a shop on level 13 of the Dungeon)

   It affects your intelligence (+2).
   It affects your dexterity (+3).
   It increases your rate of regeneration.
 M - a +2 pair of gloves of archery (worn)
 Q - the +3 scale mail "Wupagira" (worn) {rN+ Int+3}
   (You found it on level 14 of the Dungeon)

   It affects your intelligence (+3).
   It protects you from negative energy.
 S - a +1 helmet of see invisible (worn)
Jewellery
 g - an uncursed ring of stealth
 p - an uncursed ring of protection from cold
 y - an amulet of guardian spirit (around neck)
 O - a ring of protection from fire (left hand)
 R - a +3 ring of evasion (right hand)
 T - the ring of Ekhlecoi {Wiz -Tele Int+4 Dex+5}
   (You found it on level 4 of the Shoals)

   [ring of wizardry]

   It improves your spell success rate.
   It affects your intelligence (+4).
   It affects your dexterity (+5).
   It prevents most forms of teleportation.
 V - a +5 amulet of reflection
 Y - an uncursed ring of ice {unknown}
Wands
 f - a wand of flame (5)
 n - a wand of paralysis (11)
 o - a wand of enslavement (35)
 v - a wand of random effects (37)
 x - a wand of acid (23)
 D - a wand of polymorph (18)
 X - a wand of disintegration (9)
Scrolls
 d - 14 scrolls of identify
 h - 2 scrolls of magic mapping
 i - 14 scrolls of remove curse
 m - 14 scrolls of teleportation
 t - 2 scrolls of fog
 C - 6 scrolls of fear
 I - a scroll of blinking
 J - a scroll of summoning
 N - 2 scrolls of enchant armour
Potions
 e - 13 potions of curing
 j - 4 potions of agility
 k - a potion of berserk rage
 q - 2 potions of cancellation
 u - 5 potions of mutation
 w - a potion of resistance
 z - 2 potions of haste
 A - a potion of heal wounds
 B - a potion of invisibility
 E - 2 potions of ambrosia
 G - 3 potions of might
Comestibles
 c - 42 rations


   Skills:
 * Level 19.1 Fighting
 * Level 16.5 Axes
 - Level 13.7 Armour
 - Level 10.9 Dodging


You had 16 spell levels left.
You didn't know any spells.
Your spell library was empty.

Dungeon Overview and Level Annotations

Branches:
Dungeon (15/15)            Temple (1/1) D:5            Lair (6/6) D:8
 Shoals (4/4) Lair:2       Spider (0/4) Lair:3        Slime (0/5) Lair:6
    Orc (2/2) D:9             Elf (1/3) Orc:2        Vaults (0/5) D:14
 Depths (0/5) D:15

Altars:
Ashenzari
Cheibriados
Dithmenos
Fedhas
Hepliaklqana
Kikubaaqudgha
Makhleb
Okawaru
Qazlal
Ru
Sif Muna
Trog
Wu Jian
Xom
Yredelemnul
Zin
The Shining One
Jiyva

Shops:
D:4 }   D:7 %   D:13 :([*[   Orc:2 (=***   Shoals:1 *

Annotations:
Shoals:4 3 runed translucent doors
Elf:1 Cahiq's ghost, adept SpEn


Innate Abilities, Weirdness & Mutations

You are resistant to torment.
Your stone body is resilient. (AC +12)
You are immune to poison.
Your large and strong wings let you fly indefinitely.
You resist negative energy. (rN+)
You are resistant to electric shocks. (rElec)
You can survive without breathing.
You are immune to petrification.
You are immune to rotting.
Your skin changes colour to match your surroundings (Stealth+).
You tend to lose your temper in combat.
You do not regenerate when monsters are visible.
Your spells are a little harder to cast, but a little more powerful.
[You are very clumsy. (Dex -4)]
[Your body often deteriorates upon taking damage.]
[You are very frail. (-20% HP)]
[Your magical capacity is low. (-10% MP)]
[You are very weak. (Str -4)]


Message History

The wretched star glows turbulently.
The orb of energy hits you!
You see here 34 gold pieces.
You now have 2165 gold pieces (gained 34).
The wretched star glows turbulently.
The orb of energy hits you!!
* * * LOW HITPOINT WARNING * * *
The orb of energy explodes!
You hit the wretched star.
The wretched star is lightly damaged.
The wretched star glows turbulently.
The orb of energy hits you!
* * * LOW HITPOINT WARNING * * *
Your body deteriorates!
You feel weakened.
The orb of energy explodes!
You hear a shout! x2
You closely miss the wretched star.
The wretched star glows turbulently.
The orb of energy hits you!!
You die...

## #.. . # #.
..#x... ###... #...
.. .. .... .....#
..#.. ....#... ## #
##..##... ≈
###.#.#...#..#.#
≈≈≈ #....
#..#.#*#≈♣♣≈≈≈≈ #.
. ..#.....@##≈≈≈≈..
.
.............≈≈♣≈≈#
. #.#
..#...#.≈≈≈≈.# .
..# .##..#.#.≈♣≈#§#
#.. # .
##.....≈##.§# .
...#..#..#.... §##
. ..# §...##.## #
#...#.#.##.......
.##..#.....##....#


You could see a wretched star.

Vanquished Creatures
  A tentacled starspawn (Abyss:3)
  5 krakens
  A deep elf sorcerer (Elf:1)
  An orc warlord (Orc:2)
  Louise (Shoals:3)
  An emperor scorpion (D:15)
  A war gargoyle (D:11)
  A stone giant (Orc:1)
  A dire elephant (D:15)
  2 merfolk impalers (Shoals:4)
  2 merfolk javelineers (Shoals:4)
  An ettin (Orc:1)
  2 fire dragons
  Harold (D:7)
  7 hydras
  A merfolk avatar (Shoals:2)
  2 merfolk aquamancers
  9 centaur warriors
  2 dancing weapons (Elf:1)
  A death knight (D:11)
  2 ogre magi (Orc:2)
  2 satyrs (Shoals:4)
  A tengu warrior (D:15)
  A deep troll earth mage (D:15)
  15 two-headed ogres
  Nergalle (D:10)
  2 thrashing horrors (Abyss:3)
  2 deep elf knights (Elf:1)
  A wretched star (Abyss:3)
  10 sea snakes
  A glowing orange brain (Abyss:3)
  A swamp dragon (Lair:6)
  2 deep elf archers (Elf:1)
  2 deep trolls (Orc:2)
  An orc knight (D:15)
  2 unseen horrors
  A phantasmal warrior (D:11)
  3 wizards
  Pikel (D:9)
  4 harpies (Shoals:2)
  A wolf spider zombie (D:14)
  17 deep elf magi
  15 ugly things
  A shining eye (shapeshifter) (D:11)
  A salamander (D:15)
  A wolf spider (Lair:6)
  5 cyclopes
  9 fauns
  A centaur zombie (D:13)
  8 manticores
  10 elephants
  9 black mambas
  2 water nymphs
  6 merfolk sirens
  A guardian serpent (Lair:6)
  Joseph (D:10)
  An orange demon (Abyss:3)
  4 molten gargoyles (D:14)
  Psyche (D:12)
  14 spiny frogs
  2 gargoyles
  A tormentor (Abyss:3)
  5 rime drakes
  8 komodo dragons
  4 kobold demonologists
  A tengu conjurer (D:14)
  A wind drake (Shoals:1)
  8 trolls (Orc:2)
  A polar bear (Lair:5)
  15 merfolk
  3 meliai (D:13)
  3 hornets (Lair:6)
  A raiju (shapeshifter) (Elf:1)
  2 slime creatures
  14 blink frogs
  A meliai zombie (D:14)
  2 dream sheep (Shoals:1)
  8 snapping turtles
  6 raiju (Abyss:3)
  11 hippogriffs
  9 water elementals
  2 redbacks
  A spriggan (D:8)
  An air elemental (Abyss:3)
  2 shadows
  27 yaks
  3 wraiths
  3 basilisks
  Grum (D:9)
  9 wyverns
  5 vampire mosquitoes
  A neqoxec (Abyss:3)
  5 hungry ghosts
  6 insubstantial wisps (Abyss:3)
  3 soldier ants
  24 water moccasins
  Duvessa (D:4)
  6 acid dragons
  19 orc warriors
  8 porcupines
  2 slaves (D:9)
  14 ice beasts
  A sky beast (shapeshifter) (D:15)
  An eye of draining (D:11)
  A hornet zombie (D:15)
  3 phantoms
  A black bear (D:8)
  25 ogres
  A necrophage (D:12)
  29 wolves
  21 centaurs
  17 crocodiles
  3 big kobolds
  7 bullfrogs
  An earth elemental (Elf:1)
  Dowan (D:4)
  3 wyvern skeletons
  A wyvern zombie (D:14)
  2 scorpions
  6 killer bees (D:8)
  3 electric eels
  5 wights (D:14)
  5 vampire bats
  2 small abominations (Abyss:3)
  A bullfrog zombie (D:12)
  8 crimson imps
  A jelly (D:6)
  9 orc priests
  18 orc wizards
  9 hounds
  A bullfrog skeleton (D:12)
  3 centaur skeletons
  7 iguanas
  11 worker ants
  A hound zombie (D:7)
  2 hound skeletons (D:4)
  11 gnolls
  13 adders
  A howler monkey skeleton (D:2)
  An ooze (D:4)
  5 worms
  3 dart slugs
  5 leopard geckos
  61 orcs
  6 bats
  4 bat skeletons (D:2)
  3 bat zombies (D:2)
  5 giant cockroaches
  11 goblins
  13 hobgoblins
  5 jackals
  27 kobolds
  4 quokkas
  A ball python skeleton (D:4)
  5 frilled lizards
  2 leopard gecko skeletons (D:4)
  11 rats
  A bush (Lair:4)
  12 fungi
  19 plants
  10 tentacles (Shoals:4)
904 creatures vanquished.

Vanquished Creatures (collateral kills)
  A balrug (Abyss:3)
  A slime creature (D:12)
  An ancient zyme (Abyss:3)
  An orc wizard (D:12)
  An orc (D:12)
  2 starspawn tentacles (Abyss:3)
7 creatures vanquished.

Vanquished Creatures (others)
  A merfolk aquamancer (Shoals:1)
  A deep elf knight (Elf:1)
  A water elemental (Shoals:1)
  A centaur (D:14)
  A centaur zombie (D:9)
  An orc wizard (D:15)
  9 fungi
  A lurking horror (Abyss:3)
  45 plants
  11 starspawn tentacles (Abyss:3)
  21 tentacles
93 creatures vanquished.

Grand Total: 1004 creatures vanquished

Notes
Turn   | Place    | Note
-------+----------+-------------------------------------------
     0 | D:1      | Fang the Gargoyle Berserker began the quest for the Orb.
     0 | D:1      | Reached XP level 1. HP: 14/14 MP: 1/1
   144 | D:1      | Reached XP level 2. HP: 15/19 MP: 2/2
   824 | D:1      | Reached XP level 3. HP: 23/23 MP: 3/3
  1108 | D:2      | Reached XP level 4. HP: 25/29 MP: 4/4
  1152 | D:2      | Reached ** piety under Trog
  1564 | D:2      | Reached skill level 4 in Fighting
  1934 | D:2      | Reached XP level 5. HP: 33/33 MP: 5/5
  1937 | D:2      | Found an ancient bone altar of Kikubaaqudgha.
  2026 | D:2      | Found a shattered altar of Ashenzari.
  2391 | D:3      | Reached XP level 6. HP: 32/39 MP: 6/6
  2452 | D:3      | Reached *** piety under Trog
  2593 | D:3      | Found a glowing silver altar of Zin.
  3421 | D:4      | Noticed Dowan
  3422 | D:4      | Noticed Duvessa
  3434 | D:4      | Killed Duvessa
  3439 | D:4      | Killed Dowan
  3439 | D:4      | Reached skill level 5 in Fighting
  3439 | D:4      | Reached XP level 7. HP: 40/44 MP: 7/7
  3659 | D:4      | Found Yngie's Gadget Shop.
  3759 | D:4      | Got a slimy hand axe
  3760 | D:4      | Identified the +4 hand axe of Fagothoa {venom, rN++} (You
                  | found it on level 4 of the Dungeon)
  3925 | D:4      | Found a bloodstained altar of Trog.
  4213 | D:4      | Found a stormy altar of Qazlal.
  4220 | D:4      | Reached skill level 5 in Armour
  4478 | D:5      | Entered Level 5 of the Dungeon
  4607 | D:5      | Found a staircase to the Ecumenical Temple.
  4627 | Temple   | Entered the Ecumenical Temple
  4755 | D:5      | Reached XP level 8. HP: 40/51 MP: 8/8
  4858 | D:5      | Reached skill level 5 in Axes
  5024 | D:5      | Reached **** piety under Trog
  5024 | D:5      | Reached skill level 6 in Fighting
  5797 | D:6      | Found a snail-covered altar of Cheibriados.
  5799 | D:6      | Found a sacrificial altar of Ru.
  5881 | D:7      | Noticed Harold
  5896 | D:7      | Killed Harold
  5896 | D:7      | Reached skill level 7 in Fighting
  5896 | D:7      | Reached skill level 5 in Dodging
  5896 | D:7      | Reached XP level 9. HP: 22/57 MP: 9/9
  6426 | D:7      | Found a basalt altar of Yredelemnul.
  6536 | D:7      | Found Jevollu's Food Shoppe.
  6629 | D:7      | Found a blossoming altar of Fedhas.
  7262 | D:8      | Found a staircase to the Lair.
  7276 | D:8      | Reached skill level 8 in Fighting
  7292 | D:8      | Found a hazy altar of Hepliaklqana.
  7292 | D:8      | Noticed a two-headed ogre
  7308 | D:8      | Killed a two-headed ogre
  7308 | D:8      | Reached XP level 10. HP: 33/65 MP: 10/10
  7656 | D:8      | Found an iron altar of Okawaru.
  7669 | D:8      | Reached ***** piety under Trog
  8070 | D:8      | Reached skill level 9 in Fighting
  8074 | D:8      | Found a shadowy altar of Dithmenos.
  8272 | D:9      | Found a staircase to the Orcish Mines.
  8382 | D:9      | Noticed Grum
  8400 | D:9      | Killed Grum
  8533 | D:9      | Noticed Pikel
  8534 | D:9      | Found a burning altar of Makhleb.
  8544 | D:9      | Killed Pikel
  8558 | D:9      | Paralysed by fainting for 9 turns
  8792 | D:9      | Found a hazy altar of Hepliaklqana.
  8794 | D:9      | Found a radiant altar of Vehumet.
  8794 | D:9      | Found a glowing golden altar of the Shining One.
  8796 | D:9      | Found a shimmering altar of Xom.
  8796 | D:9      | Found a burning altar of Makhleb.
  8796 | D:9      | Found a basalt altar of Yredelemnul.
  8959 | D:10     | Entered Level 10 of the Dungeon
  8969 | D:10     | Noticed Joseph
  8988 | D:10     | Killed Joseph
  8988 | D:10     | Reached XP level 11. HP: 62/71 MP: 11/11
  9173 | D:10     | Noticed Nergalle
  9192 | D:10     | Killed Nergalle
  9284 | D:10     | Noticed a two-headed ogre
  9296 | D:10     | Killed a two-headed ogre
  9705 | D:10     | Reached skill level 10 in Fighting
 10007 | D:11     | Noticed a wizard
 10020 | D:11     | Killed a wizard
 10111 | D:11     | Reached skill level 10 in Armour
 10207 | D:11     | Noticed a two-headed ogre
 10216 | D:11     | Received a gift from Trog
 10223 | D:11     | Killed a two-headed ogre
 10393 | D:11     | Identified a scroll of acquirement
 10469 | D:11     | Noticed a wizard
 10470 | D:11     | Noticed a death knight
 10475 | D:11     | Killed a wizard
 10487 | D:11     | Killed a death knight
 10775 | D:11     | Noticed a centaur warrior
 10775 | D:11     | Noticed a deep elf mage
 10784 | D:11     | Killed a centaur warrior
 10793 | D:11     | Killed a deep elf mage
 10793 | D:11     | Reached XP level 12. HP: 66/79 MP: 12/12
 10935 | D:11     | Noticed a war gargoyle
 10943 | D:11     | Killed a war gargoyle
 10943 | D:11     | Reached skill level 11 in Fighting
 11500 | Lair:1   | Entered Level 1 of the Lair of Beasts
 11605 | Lair:1   | Noticed a six-headed hydra
 11613 | Lair:1   | Killed a three-headed hydra
 12494 | Lair:2   | Noticed a six-headed hydra
 12502 | Lair:2   | HP: 3/80 [porcupine (8)]
 12509 | Lair:2   | Killed a ten-headed hydra
 12509 | Lair:2   | Reached skill level 10 in Axes
 12510 | Lair:2   | HP: 6/120 [porcupine's spines (9)]
 13160 | Lair:2   | Found a staircase to the Shoals.
 13729 | Lair:3   | Received a gift from Trog
 13973 | Lair:3   | Reached skill level 12 in Fighting
 13985 | Lair:3   | Reached XP level 13. HP: 58/86 MP: 13/13
 14193 | Lair:3   | Found a hole to the Spider Nest.
 14932 | Lair:3   | Reached ****** piety under Trog
 16937 | Lair:5   | Reached skill level 10 in Dodging
 17343 | Lair:6   | Entered Level 6 of the Lair of Beasts
 17558 | Lair:6   | HP: 4/87 [rime drake/flash freeze (22)]
 17909 | Lair:6   | Reached skill level 13 in Fighting
 18078 | Lair:6   | Gained mutation: Your large and strong wings let you fly
                  | indefinitely. [Gargoyle growth]
 18078 | Lair:6   | Reached XP level 14. HP: 83/94 MP: 14/14
 18850 | Lair:6   | Received a gift from Trog
 18926 | Lair:6   | Found a viscous altar of Jiyva.
 18926 | Lair:6   | Found a staircase to the Slime Pits.
 20335 | Lair:6   | Got a polished leather armour
 20346 | Lair:6   | Identified the +1 leather armour of Fun {-Cast rElec rCorr
                  | Stlth-} (You found it on level 6 of the Lair of Beasts)
 21341 | D:12     | Reached skill level 14 in Fighting
 21619 | D:12     | Noticed Psyche
 21641 | D:12     | Killed Psyche
 22080 | D:13     | Found Oseox's Antique Armour Emporium.
 22188 | D:13     | Found Zakak's Book Shoppe.
 22240 | D:13     | Found Homigh's Assorted Antiques.
 22263 | D:13     | Found Meilu's Antique Armour Emporium.
 22271 | D:13     | Bought an ichor-stained helmet for 171 gold pieces
 22271 | D:13     | Bought a heavily runed cloak for 171 gold pieces
 22271 | D:13     | Bought a pair of runed gloves for 135 gold pieces
 22281 | D:13     | Identified the cursed -1 cloak "Yjan" {Regen+ Int+2 Dex+3}
                  | (You bought it in a shop on level 13 of the Dungeon)
 22286 | D:13     | Identified the +0 helmet of Infinity {rF- MR++ Slay-5
                  | Stlth+} (You bought it in a shop on level 13 of the
                  | Dungeon)
 22436 | D:13     | Received a gift from Trog
 22444 | D:13     | Got a scorched war axe {god gift}
 22489 | D:13     | Identified the +1 war axe "Qinusel" {venom, Int+4} (Trog
                  | gifted it to you on level 13 of the Dungeon)
 22569 | D:13     | HP: 5/144 [meliai/+0 war axe (4)]
 22662 | D:13     | Found Mituontu's Weapon Shoppe.
 22878 | D:14     | Got a bloodstained scale mail
 22889 | D:14     | Identified the +3 scale mail "Wupagira" {rN+ Int+3} (You
                  | found it on level 14 of the Dungeon)
 22958 | D:14     | Reached XP level 15. HP: 92/101 MP: 8/15
 23433 | D:14     | Found a gate to the Vaults.
 23681 | D:14     | Reached skill level 15 in Fighting
 24655 | D:15     | Entered Level 15 of the Dungeon
 25216 | D:15     | Received a gift from Trog
 25729 | D:15     | Found a staircase to the Depths.
 25730 | D:15     | Noticed an emperor scorpion
 25754 | D:15     | Killed an emperor scorpion
 26100 | D:15     | Reached skill level 16 in Fighting
 26567 | Orc:1    | Entered Level 1 of the Orcish Mines
 26959 | Orc:2    | Entered Level 2 of the Orcish Mines
 27091 | Orc:2    | Found a staircase to the Elven Halls.
 27108 | Orc:2    | Received a gift from Trog
 27147 | Orc:2    | Found Dila's General Store.
 27163 | Orc:2    | Bought a scroll of teleportation for 48 gold pieces
 27163 | Orc:2    | Bought a scroll of teleportation for 48 gold pieces
 27163 | Orc:2    | Bought a potion of heal wounds for 80 gold pieces
 27248 | Orc:2    | Found Awu Ymmo's Assorted Antiques.
 27249 | Orc:2    | Found Qiusaptyob's Weapon Shoppe.
 27268 | Orc:2    | Reached XP level 16. HP: 111/111 MP: 10/16
 27435 | Orc:2    | Found Buofax's Assorted Antiques.
 27444 | Orc:2    | Found Dewkif's Jewellery Emporium.
 27873 | Elf:1    | Entered Level 1 of the Elven Halls
 28016 | Shoals:1 | Entered Level 1 of the Shoals
 28069 | Shoals:1 | Reached skill level 17 in Fighting
 28224 | Shoals:1 | Received a gift from Trog
 28228 | Shoals:1 | Found Voiruir's Assorted Antiques.
 29310 | Shoals:2 | Reached skill level 15 in Axes
 30205 | Shoals:3 | Gained mutation: Your skin changes colour to match your
                  | surroundings (Stealth+). [potion of mutation]
 30205 | Shoals:3 | Gained mutation: Your spells are a little harder to cast,
                  | but a little more powerful. [potion of mutation]
 30327 | Shoals:3 | Found the +8 frozen axe "Frostbite" {freezing cloud, *Noise
                  | +Fly rC+}
 30491 | Shoals:3 | Noticed a kraken
 30501 | Shoals:3 | Killed a kraken
 30889 | Shoals:3 | Noticed Louise
 30910 | Shoals:3 | Killed Louise
 31127 | Shoals:4 | Entered Level 4 of the Shoals
 31132 | Shoals:4 | Noticed a kraken
 31143 | Shoals:4 | Killed a kraken
 31143 | Shoals:4 | Reached skill level 18 in Fighting
 31148 | Shoals:4 | Got a wavering gossamer ring
 31189 | Shoals:4 | Identified the ring of Ekhlecoi {Wiz -Tele Int+4 Dex+5}
                  | (You found it on level 4 of the Shoals)
 31202 | Shoals:4 | Noticed a kraken
 31217 | Shoals:4 | Killed a kraken
 31217 | Shoals:4 | Reached XP level 17. HP: 100/119 MP: 11/17
 31282 | Shoals:4 | Noticed a kraken
 31298 | Shoals:4 | Killed a kraken
 31356 | Shoals:4 | Noticed a kraken
 31368 | Shoals:4 | Killed a kraken
 31514 | Shoals:4 | Received a gift from Trog
 31718 | Shoals:4 | Found a runed translucent gate.
 31718 | Shoals:4 | Found a runed translucent gate.
 31718 | Shoals:4 | Found a runed translucent gate.
 31738 | Shoals:4 | Identified the cursed +1 spear "Xicryll" {drain, rF+}
 31792 | Shoals:4 | Got a barnacled rune of Zot
 32412 | Elf:1    | Found a deep blue altar of Sif Muna.
 32468 | Elf:1    | Found a large runed translucent door.
 32469 | Elf:1    | Found a large runed translucent door.
 32923 | Elf:1    | Noticed Cahiq's ghost (adept SpEn)
 33107 | Elf:1    | Identified the Volume of Conjuration
 33644 | Elf:1    | Cast into level 3 of the Abyss (Cahiq's ghost)
 33654 | Abyss:3  | Found a corrupted altar of Lugonu.
 33661 | Abyss:3  | Found a corrupted altar of Lugonu.
 33725 | Abyss:3  | Found an opulent altar of Gozag.
 33727 | Abyss:3  | Noticed a tentacled starspawn
 33727 | Abyss:3  | Noticed a tentacled starspawn
 33806 | Abyss:3  | Reached skill level 19 in Fighting
 33827 | Abyss:3  | Received a gift from Trog
 33949 | Abyss:3  | Noticed a tentacled starspawn
 33958 | Abyss:3  | Killed a tentacled starspawn
 33963 | Abyss:3  | Gained mutation: You tend to lose your temper in combat. [a
                  | neqoxec]
 33968 | Abyss:3  | Gained mutation: You do not regenerate when monsters are
                  | visible. [a neqoxec]
 33973 | Abyss:3  | Gained mutation: [You are very frail. (-20% HP)] [a
                  | neqoxec]
 34039 | Abyss:3  | Killed from afar by a wretched star

Skill      XL: |  1  2  3  4  5  6  7  8  9 10 11 12 13 14 15 16 17 |
---------------+----------------------------------------------------+-----
Axes           | 3 4 6 7 8 9 10 11 12 14 15 16 | 16.5
Dodging        | 2 3 5 6 7 8 9 10 | 10.9
Armour         | 3 4 5 6 8 9 10 11 12 13 | 13.7
Fighting       | 4 5 7 8 9 10 12 13 14 16 18 19 | 19.1

Action                   |  1- 3 |  4- 6 |  7- 9 | 10-12 | 13-15 | 16-18 || total
-------------------------+-------+-------+-------+-------+-------+-------++-------
Melee: Hand axe          |   108 |    10 |   261 |   310 |       |       ||   689
       War axe           |       |   201 |    38 |       |    31 |       ||   270
       Executioner's axe |       |       |       |   173 |    79 |       ||   252
       Battleaxe         |       |       |       |    34 |  1294 |   824 ||  2152
Invok: Berserk           |     1 |     2 |     2 |     9 |    16 |     7 ||    37
       Trog's Hand       |       |       |       |     1 |     2 |     6 ||     9
       Brothers in Arms  |       |       |       |       |     2 |     3 ||     5
 Abil: Fly               |       |       |       |       |     1 |       ||     1
  Use: Scroll            |       |       |    20 |     7 |    15 |     8 ||    50
       Potion            |       |       |       |     2 |     2 |     6 ||    10
 Stab: Sleeping          |       |     6 |     1 |       |     2 |       ||     9
       Held in net/web   |       |       |       |       |     1 |       ||     1
       Distracted        |       |       |       |       |       |     1 ||     1
  Eat: Chunk             |     1 |     9 |    15 |    30 |    53 |    27 ||   135
       Ration            |       |       |       |     4 |     3 |     2 ||     9
Armor: Animal skin       |    19 |    94 |    21 |       |       |       ||   134
       Chain mail        |       |       |   130 |    68 |       |       ||   198
       Plate armour      |       |       |       |   485 |   739 |       ||  1224
       Leather armour    |       |       |       |       |   115 |       ||   115
       Scale mail        |       |       |       |       |   344 |   577 ||   921
Dodge: Dodged            |    36 |   182 |   178 |   386 |  1348 |   936 ||  3066
